 Seeded DCSS version 0.30.0-18-gc0e69614cb (webtiles) character file.

Game seed: 4094081560370531827 (custom seed)

6 IndexError the Magician (level 2, -3/21 HPs)
             Began as a Djinni Earth Elementalist on May 23, 2023.
             Slain by a gnoll
             ... wielding a +0 club
              (5 damage)
             ... on level 1 of the Dungeon.
             The game lasted 00:01:30 (189 turns).

IndexError the Magician (Djinni Earth Elementalist)  Turns: 189, Time: 00:01:31

Health: -3/21      AC:  6    Str:  7    XL:     2   Next: 0%
Gold:   22         EV: 12    Int: 16    God:
                   SH:  5    Dex: 13

rFire   + + .        (no weapon)
rCold   x . .        (no shield)
rNeg    . . .        a - +0 robe
rPois   ∞            (no helmet)
rElec   .            (no cloak)
rCorr   .            e - +3 Mad Mage's Maulers {Infuse+∞ VampMP -Cast}
SInv    .            (boots unavailable)
Will    .....        d - amulet of reflection
Stlth   ++           (no ring)
HPRegen 0.23/turn    (no ring)
MPRegen 0.00/turn

%: no spellcasting, reflection, infuse magic (-4 HP)
@: flying
A: sickness immunity, fire resistance 2, cold vulnerability 1, float, innate
caster, HP casting, extra vitality 1
a: no special abilities


You were on level 1 of the Dungeon.
You visited 1 branch of the dungeon, and saw 1 of its levels.

You collected 22 gold pieces.

Inventory:

Hand Weapons
 b - a +0 sling
   (You found it on level 1 of the Dungeon)
Armour
 a - a +0 robe (worn)
 e - the +3 Mad Mage's Maulers (worn) {Infuse+∞ VampMP -Cast}
   (You acquired it on level 1 of the Dungeon)

   Infuse+∞: It empowers its wearer's blows with all of their magic.
   VampMP:    Blows struck in melee replenish the wearer's magic.
   -Cast:     It prevents spellcasting.
Jewellery
 d - an amulet of reflection (around neck)
   (You found it on level 1 of the Dungeon)
Potions
 c - a potion of might


   Skills:
 - Level 2.1 Dodging
 - Level 1.5 Stealth
 + Level 2.7 Spellcasting


You knew the following spells:

 Your Spells              Type           Power      Damage    Failure   Level
a - Sandblast             Erth           22%        2d7       6%          1
c - Petrify               Tmut/Erth      11%        N/A       52%         4
w - Passwall              Tmut/Erth      9%         N/A       10%         2
x - Stone Arrow           Conj/Erth      22%        3d8       19%         3
Your spell library was empty.

Dungeon Overview and Level Annotations

Branches:
Dungeon (1/15)

Altars:


Innate Abilities, Weirdness & Mutations

You are immune to sickness and miasma.
You are immune to poison.
Your flesh is very heat resistant. (rF++)
You are vulnerable to cold. (rC-)
You float through the air rather than walking.
You learn spells naturally, not from books.
Your magical power is your life essence.
You have superior vitality. (+4 MHP)


Message History

Fire: b) +0 sling
Press: ? - help, Q - select action, (/) - cycle Shift-Dir - straight line, f/p - bat
Aim: a bat (34% to hit)
You shoot a sling bullet. The sling bullet hits the bat.
The bat hits you. The bat closely misses you.
A bat is nearby!
Fire: b) +0 sling
Press: ? - help, Q - select action, (/) - cycle Shift-Dir - straight line, f/p - bat
Aim: a bat (34% to hit)
You shoot a sling bullet.
The sling bullet closely misses the bat.
The bat hits you. x2
You take 2 damage, and have 12/15 hp.
Fire: b) +0 sling
Press: ? - help, Q - select action, (/) - cycle Shift-Dir - straight line, f/p - bat
Aim: a bat (34% to hit)
You shoot a sling bullet. The sling bullet barely misses the bat.
The bat hits you but does no damage.
Fire: b) +0 sling
Press: ? - help, Q - select action, (/) - cycle Shift-Dir - straight line, f/p - bat
Aim: a bat (34% to hit)
You shoot a sling bullet.
The sling bullet closely misses the bat.
The bat hits you.
You take 1 damage, and have 11/15 hp.
Aiming: Sandblast (safe; 7% risk of failure)
Press: ? - help, Q - select action, (/) - cycle Shift-Dir - straight line, f/p - bat
Aim: a bat (73% to hit)
The blast of sand hits the bat!
A goblin comes into view. It is wielding a +0 dagger.
Health restored: 15 A goblin is nearby!
You shoot a sling bullet. The sling bullet hits the goblin.
The goblin shouts!
You shoot a sling bullet.
The sling bullet hits the goblin but does no damage.
Aiming: Sandblast (safe; 6% risk of failure)
Press: ? - help, Q - select action, (/) - cycle Shift-Dir - straight line, f - you, p - goblin That would be overly suicidal.
Okay, then.
You shoot a sling bullet. The sling bullet hits the goblin!
You have reached level 2!
Health restored: 21
Aiming: Sandblast (safe; 6% risk of failure)
Press: ? - help, Q - select action, (/) - cycle Shift-Dir - straight line, f - you That would be overly suicidal.
Okay, then.
You now have 22 gold pieces (gained 9).
f - a scroll labelled JOWKOTIDON
As you read the scroll labelled UQIGAI UREIM, it crumbles to dust.
It is a scroll of identify.
c - a potion of might This is a scroll of acquirement!
Something appears before you!
e - the +3 Mad Mage's Maulers {Infuse+∞ VampMP -Cast} You start putting on your armour.
You continue putting on the +3 Mad Mage's Maulers {Infuse+∞ VampMP -Cast}. x4
You finish putting on the +3 Mad Mage's Maulers {Infuse+∞ VampMP -Cast}.
The gloves are unable to connect with your magical essence.
You reach down and open the door.
A gnoll comes into view. It is wielding a +0 club.
You shoot a sling bullet. The sling bullet hits the gnoll.
The gnoll shouts!
You shoot a sling bullet.
The sling bullet barely misses the gnoll.
You block the gnoll's attack. The gnoll barely misses you.
You shoot a sling bullet.
The sling bullet hits the gnoll but does no damage.
The gnoll hits you but does no damage.
You shoot a sling bullet.
The sling bullet hits the gnoll but does no damage.
The gnoll hits you with a +0 club!
You take 8 damage, and have 13/21 hp.
MASSIVE DAMAGE!!
You shoot a sling bullet.
The sling bullet barely misses the gnoll.
The gnoll barely misses you. The gnoll hits you with a +0 club.
You take 1 damage, and have 12/21 hp.
You are too injured to fight recklessly!
You are too injured to fight recklessly!
You are too injured to fight recklessly!
You are too injured to fight recklessly!
You are now empty-handed.
You hit the gnoll but do no damage. The gnoll hits you with a +0 club.
You take 2 damage, and have 10/21 hp.
You hit the gnoll but do no damage. The gnoll misses you.
You hit the gnoll but do no damage. The gnoll closely misses you.
You hit the gnoll but do no damage. The gnoll misses you.
You hit the gnoll but do no damage. The gnoll hits you with a +0 club.
You take 1 damage, and have 10/21 hp.
You hit the gnoll but do no damage. The gnoll closely misses you.
You hit the gnoll but do no damage. The gnoll hits you with a +0 club.
* * * LOW HITPOINT WARNING * * *
You take 5 damage, and have 5/21 hp.
MASSIVE DAMAGE!!
You hit the gnoll. The gnoll hits you with a +0 club.
* * * LOW HITPOINT WARNING * * *
You take 3 damage, and have 2/21 hp.
You hit the gnoll but do no damage. The gnoll barely misses you.
You hit the gnoll but do no damage. The gnoll hits you but does no damage.
You hit the gnoll but do no damage. The gnoll hits you with a +0 club.
You die...

####.........##...#
#........######...#
#..)..........#...#
#.............###.#
#.............# .#
#........###### .
#........#
#........#
#...@....#
####g##### #.. ####


You could see a gnoll.

Vanquished Creatures
  A goblin (D:1)
  A hobgoblin (D:1)
  A ball python (D:1)
  2 bats (D:1)
  A frilled lizard (D:1)
  A rat (D:1)
7 creatures vanquished.

Notes
Turn   | Place    | Note
-------+----------+-------------------------------------------
     0 | D:1      | IndexError the Djinni Earth Elementalist began the quest
                  | for the Orb.
     0 | D:1      | IndexError set off with the following spells memorised:
                  | Sandblast, Passwall, Stone Arrow, Petrify.
     0 | D:1      | Reached XP level 1. HP: 15/15 MP: 0/0
   149 | D:1      | Reached XP level 2. HP: 21/21 MP: 0/0
   161 | D:1      | Identified a scroll of acquirement
   161 | D:1      | Acquired the +3 Mad Mage's Maulers {Infuse+∞ VampMP -Cast}
   161 | D:1      | Found the +3 Mad Mage's Maulers {Infuse+∞ VampMP -Cast}
   185 | D:1      | HP: 5/21 [gnoll/+0 club (5)]
   186 | D:1      | HP: 2/21 [gnoll/+0 club (4)]
   189 | D:1      | Slain by a gnoll

Illustrated notes

Levels and vault maps discovered:
D:1:      giann_horns, layout_basic, minmay_tromino_i4

Action                     || total
---------------------------++-------
  Melee: Unarmed           ||    11
   Fire: Sling             ||    13
   Cast: Sandblast         ||     7
    Use: Scroll            ||     2
 Armour: Robe              ||     5
  Dodge: Dodged            ||    11
  Block: Other             ||     1

Levels and vault maps discovered:
D:1:      giann_horns, layout_basic, minmay_tromino_i4

Table legend: (Time is in decaauts)
 A = Elapsed time spent in this place.
 B = Non-inter-level travel time spent in this place.
 C = Inter-level travel time spent in this place.
 D = Time resting spent in this place.
 E = Time spent auto-exploring this place.
 F = Levels seen in this place.
 G = Mean time per level.
                   A        B        C        D        E       F      G
               +--------+--------+--------+--------+--------+-----+--------+
         Total |    196 |    196 |      0 |      0 |    129 |   1 |  196.0 |
       Dungeon |    196 |    196 |      0 |      0 |    129 |   1 |  196.0 |
               +--------+--------+--------+--------+--------+-----+--------+

Top non-repeatable levels by time:
     D:1: 196 daAuts

Table legend:
 A = Kills in this place as a percentage of kills in the entire game.
 B = Kills by you in this place as a percentage of kills by you in the entire game.
 C = Kills by friends in this place as a percentage of kills by friends in the entire game.
 D = Other kills in this place as a percentage of other kills in the entire game.
 E = Experience gained in this place as a percentage of experience gained in the entire game.
 F = Experience gained in this place divided by the number of levels of this place that you have seen.
                   A       B       C       D       E      F
               +-------+-------+-------+-------+-------+----------------------
         Total | 100.0 | 100.0 |   N/A |   N/A | 100.0 |   9.0
       Dungeon | 100.0 | 100.0 |   N/A |   N/A | 100.0 |   9.0
               +-------+-------+-------+-------+-------+----------------------
